[ PARTIDA AOE2 · #505780889 ]
UnrankedJaponeses vs Dravidians
Equipo del jugador · VICT
Equipo rival · DERR
[ ANÁLISIS DE REPETICIÓN · EXTRAÍDO DE LA PARTIDA GRABADA ]
Feudal
12:39
Castillos
22:15
Imperial
—
| APM promedio | 71.0 |
| APM pico | 110 |
| eAPM promedio | 30.3 |
| Aldeanos / militares | 108 / 41 |
Foco
⚔️ 41.7% · 🌾 58.3%
Scout Cavalry ×14 · Skirmisher ×12 · Militia ×7 · Mangonel ×6 · Monk ×2
Feudal
9:00
Castillos
18:48
Imperial
—
| APM promedio | 113.4 |
| APM pico | 182 |
| eAPM promedio | 72.8 |
| Aldeanos / militares | 132 / 41 |
Foco
⚔️ 62.5% · 🌾 37.5%
Skirmisher ×27 · Mangonel ×6 · Spearman ×5 · Militia ×2 · Archer ×1
Mapa de la partida
Recursos iniciales + cada clic de construcción. Líneas = muros · curvas = relieve. ◆ oro · ⬟ piedra · ● bayas · ✦ reliquia · ◌ hueco del cierre
Tu base· Abierta — hueco de 4t
Base de OS+ | FaNaTiick· Abierta — hueco de 7t
Terreno inicial suavizado · ◌ = hueco del cierre detectado · pasá el cursor para detalles
Inputs por minuto
— The_Fury - - OS+ | FaNaTiick
Build order — The_Fury
Primeras 150 de 267 acciones detectadas
| 0:01 | Crear | Villager (Male) |
| 0:02 | Construir | House |
| 0:02 | Crear | Villager (Male) |
| 0:03 | Construir | House |
| 0:06 | Crear | Villager (Male) |
| 0:06 | Crear | Villager (Male) |
| 1:29 | Crear | Villager (Male) |
| 1:52 | Construir | Lumber Camp |
| 1:56 | Crear | Villager (Male) |
| 1:56 | Crear | Villager (Male) |
| 2:18 | Crear | Villager (Male) |
| 2:56 | Crear | Villager (Male) |
| 2:56 | Crear | Villager (Male) |
| 3:21 | Crear | Villager (Male) |
| 3:21 | Crear | Villager (Male) |
| 3:33 | Construir | House |
| 4:05 | Construir | Barracks |
| 4:09 | Crear | Villager (Male) |
| 4:09 | Crear | Villager (Male) |
| 4:14 | Crear | Villager (Male) |
| 4:32 | Construir | House |
| 4:57 | Crear | Militia |
| 4:57 | Crear | Militia |
| 5:02 | Crear | Villager (Male) |
| 5:10 | Crear | Militia |
| 5:19 | Construir | Palisade Wall |
| 5:26 | Construir | Palisade Wall |
| 5:38 | Construir | House |
| 5:39 | Investigar | Loom |
| 5:39 | Investigar | Loom |
| 5:44 | Crear | Militia |
| 5:56 | Construir | Mill |
| 6:01 | Crear | Villager (Male) |
| 6:28 | Crear | Villager (Male) |
| 6:33 | Crear | Villager (Male) |
| 6:36 | Construir | House |
| 6:37 | Construir | House |
| 6:39 | Construir | Palisade Wall |
| 6:45 | Crear | Villager (Male) |
| 7:06 | Construir | Palisade Wall |
| 7:09 | Crear | Villager (Male) |
| 7:19 | Crear | Militia |
| 7:19 | Crear | Militia |
| 7:26 | Crear | Villager (Male) |
| 7:31 | Crear | Villager (Male) |
| 7:37 | Construir | Mining Camp |
| 7:48 | Crear | Villager (Male) |
| 7:50 | Crear | Villager (Male) |
| 8:22 | Crear | Villager (Male) |
| 8:37 | Crear | Villager (Male) |
| 8:39 | Crear | Villager (Male) |
| 8:50 | Construir | Mill |
| 8:59 | Crear | Villager (Male) |
| 9:06 | Crear | Villager (Male) |
| 9:11 | Crear | Villager (Male) |
| 9:18 | Construir | Palisade Wall |
| 9:27 | Construir | Palisade Wall |
| 9:27 | Crear | Villager (Male) |
| 9:48 | Construir | Farm |
| 9:54 | Crear | Villager (Male) |
| 10:02 | Construir | Palisade Gate |
| 10:20 | Construir | Lumber Camp |
| 10:29 | Investigar | Feudal Age |
| 10:29 | Investigar | Feudal Age |
| 10:44 | Construir | Farm |
| 11:17 | Construir | House |
| 11:35 | Construir | Farm |
| 12:39 | Crear | Villager (Male) |
| 12:39 | Edad | Edad Feudal |
| 12:41 | Construir | Archery Range |
| 12:43 | Investigar | Double-Bit Axe |
| 12:46 | Construir | Blacksmith |
| 12:47 | Crear | Villager (Male) |
| 13:09 | Construir | House |
| 13:17 | Crear | Skirmisher |
| 13:18 | Crear | Skirmisher |
| 13:23 | Investigar | Man-at-Arms (upgrade) |
| 13:27 | Crear | Militia |
| 13:34 | Construir | House |
| 13:35 | Construir | House |
| 13:38 | Construir | House |
| 13:41 | Investigar | Padded Archer Armor |
| 13:41 | Investigar | Padded Archer Armor |
| 13:42 | Crear | Skirmisher |
| 13:47 | Crear | Villager (Male) |
| 13:57 | Crear | Villager (Male) |
| 14:03 | Crear | Skirmisher |
| 14:06 | Investigar | Horse Collar |
| 14:06 | Investigar | Horse Collar |
| 14:13 | Construir | Farm |
| 14:19 | Construir | House |
| 14:20 | Construir | House |
| 14:25 | Crear | Skirmisher |
| 14:48 | Crear | Skirmisher |
| 14:58 | Crear | Villager (Male) |
| 14:59 | Construir | Farm |
| 15:01 | Construir | Farm |
| 15:02 | Construir | Farm |
| 15:03 | Crear | Villager (Male) |
| 15:03 | Crear | Villager (Male) |
| 15:37 | Construir | Market |
| 15:39 | Investigar | Fletching |
| 15:39 | Investigar | Fletching |
| 15:46 | Construir | Farm |
| 15:47 | Construir | Farm |
| 15:48 | Crear | Villager (Male) |
| 15:53 | Construir | House |
| 15:54 | Construir | House |
| 16:00 | Crear | Skirmisher |
| 16:11 | Crear | Skirmisher |
| 16:13 | Crear | Villager (Male) |
| 16:17 | Construir | Farm |
| 16:32 | Construir | Farm |
| 16:36 | Construir | Farm |
| 16:36 | Crear | Villager (Male) |
| 16:51 | Crear | Villager (Male) |
| 17:07 | Crear | Villager (Male) |
| 17:09 | Construir | House |
| 17:24 | Crear | Skirmisher |
| 17:26 | Crear | Villager (Male) |
| 17:27 | Construir | Farm |
| 17:29 | Construir | Farm |
| 17:30 | Construir | Farm |
| 17:42 | Crear | Villager (Male) |
| 17:54 | Crear | Villager (Male) |
| 17:56 | Crear | Villager (Male) |
| 18:02 | Crear | Villager (Male) |
| 18:03 | Construir | Farm |
| 18:03 | Construir | Farm |
| 18:15 | Crear | Villager (Male) |
| 18:17 | Crear | Villager (Male) |
| 18:18 | Crear | Skirmisher |
| 18:35 | Crear | Skirmisher |
| 18:39 | Crear | Villager (Male) |
| 18:57 | Construir | Stable |
| 18:59 | Construir | Farm |
| 19:35 | Investigar | Castle Age |
| 19:35 | Investigar | Castle Age |
| 20:01 | Crear | Skirmisher |
| 20:02 | Construir | Farm |
| 20:04 | Construir | House |
| 20:05 | Construir | House |
| 20:17 | Crear | Scout Cavalry |
| 20:17 | Crear | Scout Cavalry |
| 20:24 | Construir | Farm |
| 20:34 | Crear | Scout Cavalry |
| 20:34 | Crear | Scout Cavalry |
| 20:54 | Crear | Scout Cavalry |
| 20:54 | Crear | Scout Cavalry |
| 21:24 | Investigar | Gold Mining |
Build order — OS+ | FaNaTiick
Primeras 150 de 316 acciones detectadas
| 0:00 | Crear | Villager (Male) |
| 0:01 | Crear | Villager (Male) |
| 0:02 | Construir | House |
| 0:02 | Construir | House |
| 0:16 | Crear | Villager (Male) |
| 0:19 | Crear | Villager (Male) |
| 1:32 | Crear | Villager (Male) |
| 1:32 | Crear | Villager (Male) |
| 1:48 | Construir | Lumber Camp |
| 1:51 | Crear | Villager (Male) |
| 2:13 | Crear | Villager (Male) |
| 2:43 | Crear | Villager (Male) |
| 2:59 | Crear | Villager (Male) |
| 3:24 | Crear | Villager (Male) |
| 3:50 | Construir | House |
| 3:51 | Construir | House |
| 3:59 | Crear | Villager (Male) |
| 3:59 | Crear | Villager (Male) |
| 3:59 | Crear | Villager (Male) |
| 4:24 | Construir | Mill |
| 4:37 | Crear | Villager (Male) |
| 4:37 | Crear | Villager (Male) |
| 4:37 | Crear | Villager (Male) |
| 5:00 | Crear | Villager (Male) |
| 5:00 | Crear | Villager (Male) |
| 5:00 | Crear | Villager (Male) |
| 5:23 | Crear | Villager (Male) |
| 5:24 | Investigar | Loom |
| 6:23 | Crear | Villager (Male) |
| 6:50 | Investigar | Feudal Age |
| 6:50 | Investigar | Feudal Age |
| 7:29 | Construir | Barracks |
| 7:36 | Construir | Palisade Wall |
| 7:37 | Construir | Palisade Wall |
| 7:40 | Construir | Palisade Wall |
| 7:42 | Construir | Palisade Wall |
| 7:43 | Construir | Palisade Wall |
| 7:45 | Construir | Palisade Wall |
| 7:47 | Construir | Palisade Wall |
| 7:48 | Construir | Palisade Wall |
| 8:10 | Crear | Villager (Male) |
| 8:32 | Construir | House |
| 8:33 | Construir | Palisade Wall |
| 8:46 | Crear | Villager (Male) |
| 8:49 | Crear | Militia |
| 8:49 | Crear | Militia |
| 9:00 | Edad | Edad Feudal |
| 9:12 | Crear | Villager (Male) |
| 9:16 | Construir | Archery Range |
| 9:18 | Investigar | Double-Bit Axe |
| 9:34 | Crear | Villager (Male) |
| 9:43 | Construir | Mill |
| 9:44 | Crear | Archer |
| 9:52 | Crear | Villager (Male) |
| 10:04 | Construir | Farm |
| 10:06 | Construir | Farm |
| 10:10 | Crear | Skirmisher |
| 10:28 | Construir | Farm |
| 10:50 | Crear | Villager (Male) |
| 11:08 | Construir | Farm |
| 11:09 | Construir | Farm |
| 11:13 | Construir | House |
| 11:22 | Crear | Villager (Male) |
| 11:24 | Construir | Farm |
| 11:39 | Construir | Mining Camp |
| 11:42 | Crear | Villager (Male) |
| 11:53 | Construir | Palisade Wall |
| 11:56 | Crear | Villager (Male) |
| 12:08 | Construir | Palisade Wall |
| 12:11 | Construir | Palisade Wall |
| 12:16 | Construir | Palisade Wall |
| 12:19 | Construir | Farm |
| 12:20 | Crear | Villager (Male) |
| 12:30 | Construir | Palisade Gate |
| 12:31 | Construir | Palisade Wall |
| 12:33 | Construir | Palisade Wall |
| 12:34 | Crear | Villager (Male) |
| 12:36 | Construir | Farm |
| 12:42 | Construir | Palisade Gate |
| 12:46 | Crear | Villager (Male) |
| 12:53 | Construir | Farm |
| 12:55 | Crear | Villager (Male) |
| 13:05 | Crear | Villager (Male) |
| 13:21 | Construir | Farm |
| 13:25 | Construir | House |
| 13:28 | Construir | Palisade Wall |
| 13:39 | Crear | Villager (Male) |
| 13:42 | Construir | House |
| 13:45 | Construir | House |
| 13:48 | Construir | House |
| 13:50 | Construir | House |
| 14:00 | Crear | Villager (Male) |
| 14:16 | Crear | Villager (Male) |
| 14:29 | Construir | Farm |
| 14:38 | Construir | Farm |
| 14:39 | Crear | Villager (Male) |
| 14:41 | Construir | Farm |
| 14:51 | Crear | Villager (Male) |
| 15:17 | Crear | Villager (Male) |
| 15:27 | Construir | Blacksmith |
| 16:08 | Investigar | Castle Age |
| 16:17 | Crear | Skirmisher |
| 16:17 | Crear | Skirmisher |
| 16:20 | Construir | House |
| 16:24 | Construir | House |
| 16:31 | Construir | Watch Tower |
| 16:36 | Crear | Skirmisher |
| 16:36 | Crear | Skirmisher |
| 16:44 | Crear | Skirmisher |
| 16:51 | Construir | Palisade Gate |
| 16:53 | Construir | Palisade Gate |
| 16:57 | Construir | House |
| 17:00 | Crear | Skirmisher |
| 17:14 | Investigar | Fletching |
| 17:14 | Investigar | Fletching |
| 17:19 | Construir | Farm |
| 17:28 | Investigar | Horse Collar |
| 17:29 | Investigar | Horse Collar |
| 17:29 | Investigar | Horse Collar |
| 17:41 | Construir | House |
| 17:42 | Construir | Palisade Wall |
| 17:49 | Construir | Palisade Wall |
| 17:50 | Construir | Palisade Wall |
| 17:55 | Crear | Skirmisher |
| 17:55 | Crear | Skirmisher |
| 18:04 | Investigar | Padded Archer Armor |
| 18:05 | Investigar | Padded Archer Armor |
| 18:12 | Crear | Villager (Male) |
| 18:34 | Crear | Villager (Male) |
| 18:42 | Crear | Villager (Male) |
| 18:48 | Edad | Edad de los Castillos |
| 18:51 | Investigar | Bodkin Arrow |
| 18:51 | Investigar | Bodkin Arrow |
| 18:53 | Construir | House |
| 19:01 | Construir | Mining Camp |
| 19:06 | Crear | Skirmisher |
| 19:07 | Crear | Skirmisher |
| 19:18 | Crear | Villager (Male) |
| 19:18 | Crear | Villager (Male) |
| 19:25 | Construir | House |
| 19:26 | Construir | House |
| 19:27 | Construir | House |
| 19:29 | Construir | House |
| 19:33 | Crear | Villager (Male) |
| 19:33 | Crear | Villager (Male) |
| 19:42 | Crear | Villager (Male) |
| 19:42 | Crear | Villager (Male) |
| 19:42 | Crear | Villager (Male) |
| 19:52 | Crear | Villager (Male) |
| 19:54 | Construir | House |
Cronología de la partida
| 4:05 | The_Fury · first_building Barracks |
| 5:19 | The_Fury · wall_segment Palisade Wall x1 |
| 5:26 | The_Fury · wall_segment Palisade Wall x1 |
| 6:39 | The_Fury · wall_segment Palisade Wall x7 |
| 7:06 | The_Fury · wall_segment Palisade Wall x25 |
| 7:29 | OS+ | FaNaTiick · first_building Barracks |
| 7:36 | OS+ | FaNaTiick · wall_segment Palisade Wall x1 |
| 7:37 | OS+ | FaNaTiick · wall_segment Palisade Wall x1 |
| 7:40 | OS+ | FaNaTiick · wall_segment Palisade Wall x3 |
| 7:42 | OS+ | FaNaTiick · wall_segment Palisade Wall x2 |
| 7:43 | OS+ | FaNaTiick · wall_segment Palisade Wall x1 |
| 7:45 | OS+ | FaNaTiick · wall_segment Palisade Wall x1 |
| 7:47 | OS+ | FaNaTiick · wall_segment Palisade Wall x1 |
| 7:48 | OS+ | FaNaTiick · wall_segment Palisade Wall x1 |
| 8:33 | OS+ | FaNaTiick · wall_segment Palisade Wall x1 |
| 9:00 | OS+ | FaNaTiick · age_up feudal |
| 9:16 | OS+ | FaNaTiick · first_building Archery Range |
| 9:18 | The_Fury · wall_segment Palisade Wall x18 |
| 9:27 | The_Fury · wall_segment Palisade Wall x8 |
| 11:53 | OS+ | FaNaTiick · wall_segment Palisade Wall x5 |
| 12:08 | OS+ | FaNaTiick · wall_segment Palisade Wall x4 |
| 12:11 | OS+ | FaNaTiick · wall_segment Palisade Wall x6 |
| 12:16 | OS+ | FaNaTiick · wall_segment Palisade Wall x6 |
| 12:31 | OS+ | FaNaTiick · wall_segment Palisade Wall x2 |
| 12:33 | OS+ | FaNaTiick · wall_segment Palisade Wall x2 |
| 12:39 | The_Fury · age_up feudal |
| 12:41 | The_Fury · first_building Archery Range |
| 13:28 | OS+ | FaNaTiick · wall_segment Palisade Wall x11 |
| 17:42 | OS+ | FaNaTiick · wall_segment Palisade Wall x1 |
| 17:49 | OS+ | FaNaTiick · wall_segment Palisade Wall x1 |
| 17:50 | OS+ | FaNaTiick · wall_segment Palisade Wall x1 |
| 18:48 | OS+ | FaNaTiick · age_up castle |
| 18:50 | The_Fury · first_market_buy 100 food |
| 18:57 | The_Fury · first_building Stable |
| 19:17 | The_Fury · first_market_sell 100 wood |
| 22:15 | The_Fury · age_up castle |
| 22:16 | The_Fury · first_building Siege Workshop |
| 23:43 | OS+ | FaNaTiick · wall_segment Palisade Wall x1 |
| 23:49 | OS+ | FaNaTiick · wall_segment Palisade Wall x1 |
| 25:48 | OS+ | FaNaTiick · first_building Siege Workshop |
| 26:20 | The_Fury · first_building Monastery |
| 26:23 | OS+ | FaNaTiick · wall_segment Palisade Wall x1 |
| 30:46 | The_Fury · first_building Castle |
| 31:02 | OS+ | FaNaTiick · first_market_sell 100 wood |
| 31:21 | OS+ | FaNaTiick · resign |
[ ANÁLISIS IA · 1 CRÉDITO ]
¿Qué pasó realmente en esta partida?
Wolo.gg analiza cada decisión: build order, eco, micro, errores típicos por bracket. Análisis personalizado por WhatsApp o Discord en 30 segundos.
Guía civ
Japoneses
Perfil
Jugador #8448734